 Dungeon Crawl Stone Soup version 0.17.2-1-ge4368a0 (webtiles) character file.

23 daftwullie the Skirmisher (level 3, -2/33 HPs)
             Began as an Ogre Warper on May 20, 2017.
             Slain by an adder (4 damage)
             ... on level 1 of the Dungeon.
             The game lasted 00:07:40 (1165 turns).

daftwullie the Skirmisher (Ogre Warper)             Turns: 1165, Time: 00:07:40

Health: -2/33      AC:  3    Str: 14 (18) XL:     3   Next: 0%
Magic:  1/6        EV: 10    Int: 11      God:
Gold:   45         SH:  0    Dex:  9      Spells: 3 memorised, 2 levels left

rFire  + . .     SeeInvis .     a - +0 mace
rCold  . . .     Clarity  .     b - +0 robe
rNeg   . . .     SustAt   .     (no shield)
rPois  .         Gourm    .     (helmet restricted)
rElec  .         Spirit   .     (no cloak)
rCorr  .         Warding  .     (gloves unavailable)
rMut   .         Stasis   .     (boots unavailable)
MR     .....                    (no amulet)
Stlth  +.........               (no ring)
                                o - ring of protection from fire

@: lethally poisoned (-2 -> -8), very slightly contaminated, not resistant to
hostile enchantments, very unstealthy
A: unfitting armour, dopey 1, frail 1, strong 1, tough skin 1
a: no special abilities


You were on level 1 of the Dungeon.
You were not hungry.

You visited 1 branch of the dungeon, and saw 2 of its levels.

You collected 45 gold pieces.

Inventory:

Hand Weapons
 a - a +0 mace (weapon)
Missiles
 h - 10 poisoned needles
 k - 66 stones (quivered)
Armour
 b - a +0 robe (worn)
Jewellery
 o - a ring of protection from fire (left hand)
Scrolls
 d - a scroll of blinking
 l - 2 scrolls of identify {unknown}
 n - a scroll of teleportation {unknown}
Potions
 j - a potion of degeneration
Books
 c - a book of Spatial Translocations

   Spells                             Type                      Level
   a - Apportation                    Translocation                1
   b - Blink                          Translocation                2
   c - Shroud of Golubria             Charms/Translocation         2
   d - Portal Projectile              Translocation                3
   e - Teleport Other                 Translocation                3
   f - Passage of Golubria            Translocation                4
Comestibles
 f - a bread ration
 i - a chunk of flesh


   Skills:
 + Level 3.1 Fighting
 * Level 3.1 Maces & Flails
 * Level 1.4 Throwing
 - Level 2.1 Dodging
 * Level 2.6 Spellcasting
 + Level 2.4 Translocations


You had 2 spell levels left.
You knew the following spells:

 Your Spells              Type           Power        Failure   Level  Hunger
a - Apportation           Tloc           #.........   12%         1    ##.....
b - Blink                 Tloc           N/A          17%         2    ###....
c - Shroud of Golubria    Chrm/Tloc      #.........   30%         2    ###....


Dungeon Overview and Level Annotations

Branches:
Dungeon (2/15)

Altars:


Innate Abilities, Weirdness & Mutations

You are too large for most types of armour.
You have tough skin (AC +1).
You are dopey. (Int -2)
You are frail (-10% HP).
Your muscles are strong. (Str +2)


Message History

Drink which item? (? for menu, Esc to quit)
It was a potion of curing.
You feel better. The adder barely misses you. The adder bites you.
* * * LOW HITPOINT WARNING * * *
You are poisoned.
The adder poisons you!
Casting: Shroud of Golubria
Confirm with . or Enter, or press ? or * to list all spells.
Okay, then.
You closely miss the adder.
The adder is severely wounded.
You feel sick. The adder bites you.
* * * LOW HITPOINT WARNING * * *
You are more poisoned.
The adder poisons you!
You miss the adder.
The adder is severely wounded.
* * * LOW HITPOINT WARNING * * *
You feel sick. The adder bites you.
You die...

....# #...[........#
....########...........#
....#......#...........#
....#.##.#.###.........#
...÷#.##.#.# ###.......#########
....#.#....#####...............#
.................>S............#
....#.......(..#S#.............#
#############..#@#.............#
..........≈≈#..#.#.............#
....≈≈≈≈≈≈≈≈#..#.#.............#
≈≈≈≈≈≈≈≈≈≈≈.#..#.#.............#
≈≈≈≈≈≈≈..........#.............#
≈≈≈≈≈.........####.............#
..............# #.............#
.....≈≈≈≈...#.# #.............#
....≈≈≈≈≈≈≈≈#.# ###############


You could see an adder.

Vanquished Creatures
  A giant gecko (D:1)
  A ball python (D:1)
  5 hobgoblins (D:1)
  4 jackals (D:1)
  A quokka (D:1)
  2 bats (D:1)
  2 giant cockroaches (D:1)
  2 giant newts (D:1)
  3 rats (D:1)
21 creatures vanquished.

Notes
Turn   | Place    | Note
--------------------------------------------------------------
     0 | D:1      | daftwullie the Ogre Warper began the quest for the Orb.
     0 | D:1      | Reached XP level 1. HP: 22/22 MP: 3/3
   365 | D:1      | Reached XP level 2. HP: 26/29 MP: 5/5
   432 | D:1      | Learned a level 2 spell: Blink
   435 | D:1      | Learned a level 2 spell: Shroud of Golubria
   486 | D:1      | Reached skill level 3 in Maces & Flails
  1148 | D:1      | Reached XP level 3. HP: 33/37 MP: 3/6
  1162 | D:1      | Gained mutation: You are dopey. (Int -2) [potion of mutation]
  1162 | D:1      | Gained mutation: Your muscles are strong. (Str +2) [potion of mutation]
  1162 | D:1      | Gained mutation: You are frail (-10% HP). [potion of mutation]
  1162 | D:1      | HP: 1/33 [poisoned by an adder]
  1165 | D:1      | Slain by an adder

Action                   || total
-------------------------++-------
Melee: Mace              ||    93
Throw: Tomahawk          ||     5
       Stone             ||     2
 Cast: Shroud of Golubri ||     1
  Use: Potion            ||     3
  Eat: Chunk             ||     1
